 Dungeon Crawl Stone Soup version 0.22.1-1-ga44c0e56f4 (webtiles) character file.

189 Reeggar the Cudgeler (level 5, -2/42 HPs)
             Began as a Demonspawn Berserker on Nov 2, 2018.
             Was a Believer of Trog.
             Slain by a kobold
             ... wielding a +0 short sword
              (3 damage)
             ... on level 2 of the Dungeon.
             The game lasted 00:04:42 (1239 turns).

Reeggar the Cudgeler (Demonspawn Berserker)         Turns: 1239, Time: 00:04:43

Health: -2/42      AC:  2    Str: 18    XL:     5   Next: 40%
Magic:  5/5        EV: 12    Int:  9    God:    Trog [**....]
Gold:   108        SH:  0    Dex: 12    Spells: 4/4 levels left

rFire    . . .     SeeInvis .   a - +0 mace
rCold    . . .     Gourm    .   (no shield)
rNeg     . . .     Faith    .   b - +0 animal skin
rPois    .         Spirit   .   (no helmet)
rElec    .         Reflect  .   (no cloak)
rCorr    .         Harm     .   (no gloves)
MR       .....                  (no boots)
Stlth    +.........             (no amulet)
HPRegen  0.14/turn              (no ring)
MPRegen  0.09/turn              (no ring)

@: no status effects
A: hooves 2
a: Berserk, Trog's Hand, Renounce Religion


You were on level 2 of the Dungeon.
You worshipped Trog.
Trog was pleased with you.
You were not hungry.

You visited 1 branch of the dungeon, and saw 2 of its levels.

You collected 108 gold pieces.

Inventory:

Hand Weapons
 a - a +0 mace (weapon)
Armour
 b - a +0 animal skin (worn)
Scrolls
 d - a scroll of teleportation {unknown}
 g - a scroll of fog {unknown}
 h - a scroll of noise {unknown}
 i - 2 scrolls of remove curse {unknown}
 j - 2 scrolls of random uselessness {unknown}
 m - 2 scrolls of enchant armour {unknown}
 n - a scroll of enchant weapon {unknown}
Potions
 e - a potion of agility {unknown}
 f - a potion of flight
 k - a potion of curing {unknown}
 l - 3 potions of heal wounds
Comestibles
 c - 4 rations


   Skills:
 + Level 4.1 Fighting
 + Level 4.2 Maces & Flails
 + Level 2.0 Armour
 - Level 1.8 Dodging
 * Level 1.9 Unarmed Combat


You had 4 spell levels left.
You didn't know any spells.
Your spell library was empty.

Dungeon Overview and Level Annotations

Branches:
Dungeon (2/15)

Altars:


Innate Abilities, Weirdness & Mutations

You have hoof-like feet.


Message History

The kobold hits you with a short sword. The kobold barely misses you.
The kobold hits you with a short sword. The kobold hits you with a short sword.
* * * LOW HITPOINT WARNING * * *
The kobold hits you with a short sword.
* * * LOW HITPOINT WARNING * * *
The kobold hits you but does no damage. The kobold hits you with a short sword.
* * * LOW HITPOINT WARNING * * *
The kobold barely misses you. The kobold hits you but does no damage.
The kobold hits you but does no damage. The kobold barely misses you.
The kobold hits you with a short sword.
* * * LOW HITPOINT WARNING * * *
The kobold hits you with a short sword.
* * * LOW HITPOINT WARNING * * *
The kobold hits you with a short sword.
You die...

##......##
...#..
.....#....##
#.....
.##..#.##..#
...(. ..#...)#
#.## ##.....
#.#...##
#..##...####
#.....#
##....#
#..#.##
##..####
..##.#
#.....####.#
#.#..#
#.###@K....#
#>#..# #.#
#####..#
#.#..# ###.#
.# #.#..#
#...#
#....#####.###
##.........#
##.###.).##
#.# #...# ..#
#.>...


You could see a kobold.

Vanquished Creatures
  Sigmund (D:2)
  An ooze (D:1)
  A worm (D:2)
  A dart slug (D:1)
  3 giant cockroaches (D:1)
  A goblin (D:1)
  6 hobgoblins
  A ball python (D:2)
  4 bats
  A frilled lizard (D:2)
  3 kobolds
  12 rats
35 creatures vanquished.

Notes
Turn   | Place    | Note
-------+----------+-------------------------------------------
     0 | D:1      | Reeggar the Demonspawn Berserker began the quest for the
                  | Orb.
     0 | D:1      | Reached XP level 1. HP: 18/18 MP: 1/1
   228 | D:1      | Gained mutation: You have large cloven feet. [demonic
                  | ancestry]
   228 | D:1      | Reached XP level 2. HP: 16/24 MP: 2/2
   880 | D:2      | Gained mutation: You have hoof-like feet. [demonic
                  | ancestry]
   880 | D:2      | Reached XP level 3. HP: 28/29 MP: 3/3
   977 | D:2      | Reached skill level 1 in Unarmed Combat
   988 | D:2      | Reached ** piety under Trog
  1096 | D:2      | Noticed Sigmund
  1109 | D:2      | Killed Sigmund
  1109 | D:2      | Reached XP level 4. HP: 3/37 MP: 4/4
  1109 | D:2      | Reached XP level 5. HP: 4/42 MP: 5/5
  1109 | D:2      | HP: 2/42 [rat (2)]
  1238 | D:2      | HP: 1/42 [kobold/short sword (6)]
  1239 | D:2      | Slain by a kobold

Skill      XL: |  1  2  3 |
---------------+----------+-----
Maces & Flails | 3 4 |  4.2
Unarmed Combat | 1 |  1.9
Fighting       | 4 |  4.1
Armour         | 2 |  2.0
Dodging        | |  1.8

Action                   |  1- 3 |  4- 6 || total
-------------------------+-------+-------++-------
Melee: Mace              |    83 |     1 ||    84
       Kick              |    12 |       ||    12
  Use: Scroll            |     2 |       ||     2
  Eat: Chunk             |     1 |       ||     1
Armor: Animal skin       |    26 |       ||    26
Dodge: Dodged            |    73 |     4 ||    77
